 Dungeon Crawl Stone Soup version 0.26-a0-40-gfe7b5d5a6f (webtiles) character file.

Game seed: 6599070770925425624, levelgen mode: deterministic

353 Maedhros the Insei (level 6, -2/38 HPs)
             Began as an Octopode Artificer on May 31, 2020.
             Slain by a crimson imp (4 damage)
             ... on level 5 of the Dungeon.
             The game lasted 00:03:32 (716 turns).

Maedhros the Insei (Octopode Artificer)              Turns: 716, Time: 00:03:32

Health: -2/38      AC:  1    Str: 12    XL:     6   Next: 62%
Magic:  8/8        EV: 13    Int: 13    God:
Gold:   56         SH:  0    Dex: 14    Spells: 5/5 levels left

rFire    . . .     SeeInvis .   a - +0 short sword
rCold    . . .     Gourm    .   (no shield)
rNeg     . . .     Faith    .   (helmet restricted)
rPois    .         Spirit   .   k - amulet of magic regeneration
rElec    .         Reflect  .   (no ring)
rCorr    .         Harm     .   (no ring)
MR       .....                  (no ring)
Stlth    ++++......             (no ring)
HPRegen  0.12/turn              (no ring)
MPRegen  0.36/turn              (no ring)
                                (no ring)
                                (no ring)

@: no status effects
A: almost no armour, stealthy swim, amphibious, 8 rings, constrict 8, camouflage
1, gelatinous body 1
a: no special abilities


You were on level 5 of the Dungeon.
You were not hungry.

You visited 1 branch of the dungeon, and saw 5 of its levels.

You collected 56 gold pieces.

Inventory:

Hand Weapons
 a - a +0 short sword (weapon)
Jewellery
 k - an amulet of magic regeneration (around mantle)
Wands
 b - a wand of flame (6)
 c - a wand of enslavement (8)
 d - a wand of random effects (6)
Scrolls
 e - a scroll of remove curse {unknown}
 g - a scroll of magic mapping {unknown}
 h - 3 scrolls of identify {unknown}
 i - a scroll of fear {unknown}
 j - a scroll of amnesia {unknown}
Potions
 l - a potion of ambrosia
Comestibles
 f - 5 rations


   Skills:
 - Level 1.0 Fighting
 - Level 1.0 Short Blades
 - Level 2.0 Dodging
 - Level 4.0 Stealth
 + Level 5.8 Unarmed Combat
 - Level 3.2 Evocations


You had 5 spell levels left.
You didn't know any spells.
Your spell library was empty.

Dungeon Overview and Level Annotations

Branches:
Dungeon (5/15)
 Temple: D:4-7

Altars:


Innate Abilities, Weirdness & Mutations

You cannot wear most types of armour.
You are very stealthy in the water. (Stealth+)
You are amphibious.
You can wear up to eight rings at the same time.
You can use your tentacles to constrict eight enemies at once.
Your skin changes colour to match your surroundings (Stealth+).
Your rubbery body absorbs attacks. (AC +1, EV +1)


Message History

You closely miss the crimson imp. Your grab misses the crimson imp.
The adder bites your bullfrog skeleton.
Your bullfrog skeleton hits the crimson imp but does no damage.
The crimson imp barely misses you.
You closely miss the crimson imp. Your grab misses the crimson imp.
The adder bites your bullfrog skeleton.
Your bullfrog skeleton misses the adder.
The crimson imp barely misses you. The adder bites your bullfrog skeleton.
You hit the crimson imp. You grab the crimson imp.
The crimson imp is lightly wounded.
You constrict the crimson imp, but do no damage.
Your bullfrog skeleton misses the adder.
The adder bites your bullfrog skeleton. The crimson imp hits you.
* * * LOW HITPOINT WARNING * * *
Your bullfrog skeleton hits the adder.
You hit the crimson imp.
The crimson imp is lightly wounded.
You constrict the crimson imp. The adder bites your bullfrog skeleton.
Your bullfrog skeleton hits the adder.
The crimson imp hits you.
You die...

.## ..#
#### #.#
.#...##.#
......#.#
...)....#
......5.##
.....SZ@.#
......##.#
..... .#
#.## )# #
.# .# .#
.#


You could see a crimson imp, an adder and a friendly bullfrog skeleton (charmed,
invisible).

Vanquished Creatures
  Sigmund (D:3)
  An ogre (D:5)
  Robin (D:3)
  4 adders (D:2)
  A shadow imp (D:3)
  2 worms (D:2)
  2 dart slugs
  A leopard gecko (D:2)
  An orc (D:3)
  2 ball pythons (D:3)
  2 bats
  A giant cockroach (D:3)
  8 goblins
  8 hobgoblins
  4 kobolds
  A quokka (D:2)
  A frilled lizard (D:3)
  2 rats
43 creatures vanquished.

Notes
Turn   | Place    | Note
-------+----------+-------------------------------------------
     0 | D:1      | Maedhros the Octopode Artificer began the quest for the
                  | Orb.
     0 | D:1      | Reached XP level 1. HP: 13/13 MP: 3/3
   137 | D:2      | Reached XP level 2. HP: 13/18 MP: 4/4
   247 | D:2      | Reached XP level 3. HP: 21/23 MP: 5/5
   251 | D:2      | Reached skill level 1 in Unarmed Combat
   357 | D:2      | Reached skill level 2 in Unarmed Combat
   377 | D:2      | Reached XP level 4. HP: 28/28 MP: 6/6
   469 | D:3      | Noticed Sigmund
   480 | D:3      | Killed Sigmund
   480 | D:3      | Reached skill level 4 in Unarmed Combat
   480 | D:3      | Reached XP level 5. HP: 12/33 MP: 7/7
   480 | D:3      | Reached XP level 6. HP: 14/38 MP: 8/8
   487 | D:3      | Reached skill level 5 in Unarmed Combat
   575 | D:3      | Noticed Robin
   588 | D:3      | Killed Robin
   698 | D:5      | Entered Level 5 of the Dungeon
   716 | D:5      | Slain by a crimson imp

Illustrated notes

Levels and vault maps discovered:
D:1:      evilmike_arrival_fibonacci_small, layout_basic
D:2:      layout_loops_ring
D:3:      layout_basic, lightli_corner_chamber, uniq_robin, uniq_sigmund,
          uniq_terence
D:4:      layout_basic, first_ration, minmay_crystal_room,
          chequers_serial_rivers_micro_b
D:5:      minmay_opposing_rooms, layout_rooms, serial_shops, shop_fountains

Skill      XL: |  1  2  3  4  5  6 |
---------------+-------------------+-----
Stealth        | 3 4 |  4.0
Unarmed Combat | 2 4 5 |  5.8
Fighting       | |  1.0
Short Blades   | |  1.0
Dodging        | |  2.0
Evocations     | |  3.2

Action                   |  1- 3 |  4- 6 || total
-------------------------+-------+-------++-------
Melee: Short sword       |    25 |    40 ||    65
       Constrict         |     6 |    16 ||    22
       Tentacles         |     4 |    13 ||    17
Evoke: Wand              |     1 |    24 ||    25
  Use: Potion            |       |     2 ||     2
 Stab: Sleeping          |     9 |       ||     9
       Betrayed ally     |       |     1 ||     1
Armor: Skin              |     2 |     6 ||     8
Dodge: Dodged            |     9 |    25 ||    34

Table legend:
 A = Non-vault XP
 B = Vault XP
 C = Vault XP percentage of total XP
 D = Non-vault monster count
 E = Vault monster count
 F = Vault count percentage of total count
                 A         B        C        D         E       F
            +---------+---------+-------+---------+---------+-------
      Total |     251 |     254 |  50.3 |      33 |      10 |  23.3
            +---------+---------+-------+---------+---------+-------
        D:1 |       9 |       0 |   0.0 |       4 |       0 |   0.0
        D:2 |      77 |       0 |   0.0 |      13 |       0 |   0.0
        D:3 |      40 |     254 |  86.4 |      15 |      10 |  40.0
        D:5 |     125 |       0 |   0.0 |       1 |       0 |   0.0
            +---------+---------+-------+---------+---------+-------
